 Dungeon Crawl Stone Soup version 0.26.0-16-gc1dbca0489 (webtiles) character file.

Game seed: 1416331372586787300

120192 floatboth the Fighter (level 16, -4/146 HPs)
             Began as a Black Draconian Fire Elementalist on Jan 18, 2021.
             Was an Elder of Sif Muna.
             Killed by the raging water
             ... invoked by a water nymph
              (27 damage)
             ... on level 4 of the Shoals on Jan 20, 2021.
             The game lasted 02:33:08 (50436 turns).

floatboth the Fighter (DrFE)                       Turns: 50436, Time: 02:33:08

Health: -4/146     AC: 15    Str: 11    XL:     16   Next: 29%
Magic:  16/30      EV: 25    Int: 21    God:    Sif Muna [****..]
Gold:   2104       SH:  5    Dex: 13    Spells: 10/35 levels left

rFire    . . .     SeeInvis .   h - staff of cold {rC+}
rCold    + . .     Faith    .   k - +0 buckler
rNeg     . . .     Spirit   .   (armour unavailable)
rPois    +         Reflect  .   (helmet restricted)
rElec    +         Harm     .   B - +0 cloak
rCorr    .         Rampage  .   D - +1 pair of gloves
Will     +....                  N - +2 pair of boots
Stlth    ++........             s - amulet of magic regeneration
HPRegen  0.34/turn              u - +4 ring of evasion
MPRegen  0.47/turn              X - ring of poison resistance {rPois, !d}

@: flying
A: breathe lightning, unfitting armour, big wings, electricity resistance,
cold-blooded, AC +9
a: Breathe Lightning, Stop Flying, Renounce Religion, Channel Magic, Forget
Spell, Divine Exegesis


You were on level 4 of the Shoals.
You worshipped Sif Muna.
Sif Muna was greatly pleased with you.
You visited 5 branches of the dungeon, and saw 26 of its levels.
You also visited: Volcano.

You collected 2405 gold pieces.
You spent 301 gold pieces at shops.

Inventory:

Hand Weapons
 f - the +0 short sword of Fimacigo {pain, Str+3 Int+3}
   (You found it on level 4 of the Shoals)

   In the hands of one skilled in necromantic magic, it inflicts extra damage on
   living creatures.
   It affects your strength (+3).
   It affects your intelligence (+3).
 p - a +1 falchion of protection
 K - the +4 rapier "Dozilu" {flame, *Corrode rPois MP+9 SInv}
   (You took it off a wight on level 7 of the Dungeon)

   It has been specially enchanted to burn those struck by it, causing extra
   injury to most foes and up to half again as much damage against particularly
   susceptible opponents.
   It protects you from poison.
   It affects your magic capacity (+9).
   It lets you see invisible.
   It may corrode you when you take damage.
 Z - a +5 rapier of venom
Missiles
 m - 91 poisoned darts (quivered)
 S - a throwing net
Armour
 k - a +0 buckler (worn)
 w - a +0 kite shield of reflection
 B - a +0 cloak (worn)
 D - a +1 pair of gloves (worn)
 N - a +2 pair of boots (worn)
Magical Staves
 h - an uncursed staff of cold (weapon) {rC+}
 Y - an uncursed staff of fire {rF+}
Jewellery
 o - a +6 ring of intelligence
 s - an amulet of magic regeneration (around neck)
 u - a +4 ring of evasion (left hand)
 U - an uncursed ring of positive energy {rN+}
 X - a ring of poison resistance (right hand) {rPois, !d}
Wands
 x - a wand of flame (8)
 y - a wand of random effects (14)
 C - a wand of polymorph (15)
 F - a wand of acid (14)
 H - a wand of disintegration (18)
 I - a wand of paralysis (19)
 M - a wand of enslavement (6)
Scrolls
 a - 2 scrolls of enchant armour
 c - 2 scrolls of immolation {!r}
 d - a scroll of fear
 e - 5 scrolls of identify
 g - 3 scrolls of noise {unknown}
 l - 15 scrolls of remove curse
 t - 5 scrolls of magic mapping {!r}
 E - 2 scrolls of brand weapon {unknown}
 G - 2 scrolls of enchant weapon
 L - 6 scrolls of teleportation
 Q - 4 scrolls of fog {unknown}
 R - a scroll of vulnerability {unknown}
 T - a scroll of summoning {unknown}
Potions
 b - 3 potions of brilliance
 i - 2 potions of invisibility
 j - 6 potions of curing
 n - a potion of attraction {!q}
 r - 4 potions of might
 z - a potion of heal wounds
 A - 4 potions of ambrosia
 J - a potion of haste
 O - a potion of magic
 P - 2 potions of resistance
 V - 2 potions of berserk rage {!q}
 W - 2 potions of mutation {!q!q}
Miscellaneous
 q - a condenser vane
 v - a box of beasts


   Skills:
 - Level 14.0 Fighting
 - Level 4.0 Short Blades
 + Level 13.8 Dodging
 - Level 1.7 Stealth
 - Level 4.0 Shields
 - Level 10.0 Spellcasting
 + Level 10.5 Conjurations
 - Level 12.0 Fire Magic
 - Level 6.0 Air Magic
 - Level 8.0 Invocations
 - Level 2.0 Evocations


You had 10 spell levels left.
You knew the following spells:

 Your Spells              Type           Power        Failure   Level
b - Blink                 Tloc           N/A          10%         2
c - Mephitic Cloud        Conj/Pois/Air  33%          1%          3
s - Swiftness             Air            35%          1%          2
u - Animate Skeleton      Necr           20%          6%          1
v - Bolt of Magma         Conj/Fire/Erth 21%          9%          5
x - Fireball              Conj/Fire      27%          1%          5
y - Foxfire               Conj/Fire      100%         1%          1
X - Static Discharge      Conj/Air       45%          1%          3
Z - Conjure Flame         Conj/Fire      55%          1%          3

Your spell library contained the following spells:

 Spells                   Type           Power        Failure   Level
 Magic Dart               Conj           100%         1%          1
 Searing Ray              Conj           100%         1%          2
 Inner Flame              Hex/Fire       35%          1%          3
 Sticky Flame             Conj/Fire      55%          1%          4
 Corpse Rot               Necr/Air       N/A          2%          2
 Poisonous Vapours        Pois/Air       46%          2%          2
 Iskenderun's Battlesphe  Conj           53%          2%          5
 Corona                   Hex            11%          6%          1
 Freeze                   Ice            60%          6%          1
 Pain                     Necr           40%          6%          1
 Summon Small Mammal      Summ           40%          6%          1
 Hailstorm                Conj/Ice       48%          8%          4
 Call Imp                 Summ           10%          10%         2
 Slow                     Hex            10%          10%         2
 Call Canine Familiar     Summ           10%          19%         3
 Confusing Touch          Hex            10%          19%         3
 Summon Guardian Golem    Hex/Summ       10%          19%         3
 Vampiric Draining        Necr           5%           19%         3
 Summon Lightning Spire   Summ/Air       23%          19%         4
 Conjure Ball Lightning   Conj/Air       22%          32%         6
 Animate Dead             Necr           5%           54%         4
 Ice Form                 Ice/Tmut       15%          54%         4
 Leda's Liquefaction      Hex/Erth       5%           54%         4
 Summon Ice Beast         Ice/Summ       15%          54%         4
 Iron Shot                Conj/Erth      16%          75%         6
 Agony                    Necr           10%          87%         5
 Summon Forest            Summ/Tloc      5%           87%         5
 Spellforged Servitor     Conj/Summ      16%          99%         7
 Ozocubu's Refrigeration  Ice            7%           100%        6
 Statue Form              Tmut/Erth      6%           100%        6
 Malign Gateway           Summ/Tloc      5%           100%        7
 Shatter                  Erth           5%           100%        9


Dungeon Overview and Level Annotations

Branches:
Dungeon (14/15)            Temple (0/1) D:7            Lair (6/6) D:10
 Shoals (4/4) Lair:3       Spider (1/4) Lair:3        Slime (0/5) Lair:5
    Orc (1/2) D:9         Volcano (visited)
 Vaults: D:13-14

Altars:
Cheibriados
Dithmenos
Fedhas
Gozag
Kikubaaqudgha
Makhleb
Nemelex Xobeh
Okawaru
Qazlal
Ru
Sif Muna
Uskayaw
Xom
Beogh

Shops:
D:8 ?*

Annotations:
D:2 1 runed translucent door, Crazy Yiuf
D:5 Menkaure
D:7 2 transporters
D:13 3 runed translucent doors, Erolcha; lis82's ghost, journeyman DgFi
Shoals:3 2 transporters, exclusion: orange crystal statue
Shoals:4 Roxanne


Innate Abilities, Weirdness & Mutations

You can breathe wild blasts of lightning.
Your glossy black scales are hard. (AC +9)
You cannot fit into any form of body armour.
Your large and strong wings let you fly indefinitely.
You are resistant to electric shocks. (rElec)
You are cold-blooded and may be slowed by cold attacks.


Message History

* * * LOW HITPOINT WARNING * * *
The manticore barely misses you. The manticore misses you.
The manticore claws you but does no damage.
As you read the scroll of fear, it crumbles to dust.
You assume a fearsome visage.
The merfolk impaler looks frightened!
The cyclops looks frightened!
The manticore looks frightened!
The merfolk impaler looks frightened!
The frost giant looks frightened!
The merfolk looks frightened!
The merfolk javelineer looks frightened!
The water nymph resists with some effort.
The water nymph touches you. The water nymph drowns you!
* * * LOW HITPOINT WARNING * * *
The frost giant pleads, "Please don't kill me!"
Unknown command.
Unknown command.
Unknown command.
You feel much better.
The water nymph gestures at you while chanting.
The water rises up and strikes you!!
You die...

≈≈#≈.≈≈≈≈≈......≈≈≈≈≈≈≈≈≈.[.. #
#.....≈≈≈......≈≈≈≈≈≈≈≈.....
#≈≈###.≈$...........≈≈≈≈≈≈≈≈.....
≈≈....≈..†......#.....≈≈≈≈≈......
≈≈≈≈≈≈≈..#C.mm≈.###...≈≈≈≈≈...##.
≈≈≈≈≈≈......m.≈.###...≈≈≈≈≈.### 8
≈≈≈PP≈P≈≈(..≈.H...(..≈≈≈≈≈)## .
≈≈≈≈PP≈≈...≈≈m≈≈.....≈≈≈≈≈##
P≈P≈P≈P....C≈≈≈m@....≈≈≈≈##
≈≈≈≈≈≈≈.....≈≈.≈≈...P..≈##
≈≈≈≈≈P≈........P..(.....#
P≈≈P≈P≈..........P..P..≈#
≈PP≈≈≈≈................≈#
PP≈≈≈P≈..P.......P..≈..P#
P≈P≈≈PP...P........≈≈P≈.≈
≈≈≈≈P≈≈.............P≈≈P≈
≈≈≈≈P≈≈≈≈≈≈≈≈......P≈≈≈≈≈


You could see a frost giant (fleeing), 2 merfolk impalers, a merfolk javelineer
(fleeing, poisoned), a merfolk (fleeing), a manticore (fleeing), a cyclops
(fleeing) and a water nymph.

Vanquished Creatures
  Rupert (Lair:4)
  Donald (Shoals:4)
  Ilsuiw (Shoals:2)
  Nessos (Lair:4)
  2 merfolk javelineers
  4 merfolk impalers
  Josephine (Lair:4)
  4 hydras
  3 merfolk avatars
  Harold (D:7)
  2 two-headed ogres
  A merfolk aquamancer (Shoals:1)
  A satyr (Shoals:3)
  8 death yaks
  Nergalle (Lair:1)
  A skeletal warrior (Volcano)
  2 unseen horrors
  6 sea snakes
  4 anaconda skeletons (Volcano)
  Pikel (D:6)
  4 lindwurms (Lair:2)
  3 orb spiders (Spider:1)
  2 fauns (Shoals:3)
  7 harpies
  11 manticores
  5 cyclopes
  2 ugly things
  5 elephants
  2 wolf spiders (Spider:1)
  10 merfolk sirens
  Psyche (D:11)
  5 gargoyles (Volcano)
  3 black mambas
  A centaur zombie (D:11)
  26 cane toads
  3 water nymphs
  A torpor snail (Lair:2)
  A demonic crawler (Lair:3)
  2 rime drakes (Lair:2)
  16 komodo dragons
  16 merfolk
  2 wind drakes (Shoals:2)
  3 polar bears
  A hornet (D:9)
  3 trolls
  4 tyrant leeches (Lair:6)
  A harpy skeleton (Volcano)
  30 blink frogs
  A meliai zombie (D:13)
  5 dream sheep
  6 snapping turtles
  2 redbacks
  4 tarantellas (Spider:1)
  3 flying skulls (Volcano)
  A shadow (D:11)
  42 yaks
  2 alligator skeletons (Volcano)
  5 wyverns
  4 water elementals
  6 wraiths
  5 basilisks
  10 vampire mosquitoes
  A warg (Orc:1)
  8 water moccasins
  8 orc warriors
  3 black bears
  5 ice beasts
  2 sky beasts (D:11)
  2 eyes of draining (D:12)
  8 ogres
  3 phantoms
  2 necrophages
  6 centaurs
  13 wolves
  6 big kobolds
  24 bullfrogs
  A gnoll sergeant (D:6)
  6 scorpions
  A water moccasin skeleton (D:2)
  A howler monkey (D:8)
  16 wights
  4 electric eels
  A troll skeleton (Volcano)
  A crimson imp (D:4)
  A bullfrog zombie (D:13)
  A lava snake (D:11)
  2 quasits
  5 orc priests
  2 jellies
  4 hounds
  12 orc wizards
  3 bullfrog skeletons
  3 iguanas
  8 worker ants
  Terence (D:2)
  A naga skeleton (Volcano)
  2 hound skeletons
  Robin (D:2)
  3 gnolls (D:6)
  9 adders
  2 shadow imps (D:5)
  5 white imps
  2 ufetubi
  2 adder zombies
  2 adder skeletons
  4 worms
  A dart slug (D:1)
  A leopard gecko (D:1)
  64 orcs
  A ball python (D:4)
  5 bats
  5 giant cockroaches
  10 goblins
  13 hobgoblins
  7 jackals
  5 quokkas
  5 frilled lizards
  A jackal skeleton (D:5)
  A jackal zombie (D:6)
  50 kobolds
  A quokka skeleton (D:6)
  6 rats
  3 butterflies (Lair:2)
  A foxfire (D:10)
689 creatures vanquished.

Vanquished Creatures (collateral kills)
  A redback (Spider:1)
  A water moccasin (D:10)
  18 foxfires
20 creatures vanquished.

Vanquished Creatures (others)
  A merfolk impaler (Shoals:4)
  A skeletal warrior (Volcano)
  A cane toad (Lair:4)
  A snapping turtle (Shoals:4)
  A water elemental (Shoals:1)
  A tarantella (Spider:1)
  A troll skeleton (Volcano)
  A spriggan skeleton (Volcano)
  1773 foxfires
  50 fungi
  274 plants
  A withered plant (Shoals:4)
2106 creatures vanquished.

Grand Total: 2815 creatures vanquished

Notes
Turn   | Place    | Note
-------+----------+-------------------------------------------
     0 | D:1      | floatboth the Draconian Fire Elementalist began the quest
                  | for the Orb.
     0 | D:1      | Reached XP level 1. HP: 14/14 MP: 3/3
   347 | D:1      | Reached skill level 2 in Dodging
   438 | D:1      | Reached XP level 2. HP: 22/22 MP: 3/5
   701 | D:1      | Reached skill level 1 in Fighting
  1575 | D:2      | Found an opulent altar of Gozag.
  1575 | D:2      | Found a sparkling altar of Nemelex Xobeh.
  1847 | D:2      | Reached XP level 3. HP: 14/28 MP: 0/6
  2114 | D:2      | Reached skill level 1 in Shields
  2114 | D:2      | Reached XP level 4. HP: 19/36 MP: 3/7
  2293 | D:2      | Reached skill level 2 in Conjurations
  2359 | D:2      | Noticed Terence
  2637 | D:2      | Killed Terence
  2916 | D:2      | Reached skill level 2 in Fighting
  3144 | D:2      | Noticed Robin
  3154 | D:2      | Reached skill level 2 in Shields
  3170 | D:2      | Killed Robin
  3171 | D:2      | Reached XP level 5. HP: 40/41 MP: 5/8
  3281 | D:2      | Found a runed translucent door.
  3282 | D:2      | Noticed Crazy Yiuf
  3583 | D:3      | Found an ancient bone altar of Kikubaaqudgha.
  3976 | D:3      | Found a shimmering blue altar of Sif Muna.
  4514 | D:3      | Became a worshipper of Sif Muna the Loreminder
  4854 | D:4      | Found a sacrificial altar of Ru.
  5117 | D:4      | Reached XP level 6. HP: 50/50 MP: 9/9
  5174 | D:4      | Found a burning altar of Makhleb.
  5175 | D:4      | Found a shimmering altar of Xom.
  5180 | D:4      | Reached skill level 3 in Dodging
  5180 | D:4      | Reached skill level 3 in Shields
  5281 | D:5      | Entered Level 5 of the Dungeon
  5293 | D:5      | Noticed Menkaure
  5578 | D:5      | Reached skill level 4 in Fire Magic
  5670 | D:5      | Learned a level 3 spell: Conjure Flame
  5780 | D:5      | Reached * piety under Sif Muna
  5876 | D:5      | Reached skill level 3 in Fighting
  5876 | D:5      | Reached skill level 3 in Conjurations
  5941 | D:5      | HP: 10/51 [kobold/+3 dagger (4)]
  5944 | D:5      | Your scales start taking on a glossy black colour.
  5944 | D:5      | Reached XP level 7. HP: 8/57 MP: 10/10
  5944 | D:5      | Gained mutation: You are resistant to electric shocks.
                  | (rElec) [Black Draconian growth]
  6804 | D:5      | HP: 14/57 [poisoned by an orc]
  6810 | D:5      | HP: 13/57 [poisoned by an orc]
  6818 | D:5      | HP: 13/57 [poisoned by an orc]
  7143 | D:6      | Noticed Pikel
  7186 | D:6      | Found a stormy altar of Qazlal.
  7195 | D:6      | Reached skill level 4 in Shields
  7477 | D:6      | HP: 14/57 [black bear (4)]
  7489 | D:6      | HP: 8/58 [ogre/+0 giant club (8)]
  7491 | D:6      | Reached skill level 4 in Fighting
  7781 | D:6      | Reached skill level 4 in Dodging
  7781 | D:6      | Reached skill level 4 in Conjurations
  7781 | D:6      | Reached skill level 5 in Fire Magic
  7781 | D:6      | Reached XP level 8. HP: 66/66 MP: 6/11
  7811 | D:6      | Killed Pikel
  7812 | D:6      | Reached skill level 5 in Fighting
  7812 | D:6      | Reached skill level 5 in Conjurations
  7822 | D:6      | HP: 16/68 [poisoned by a worker ant]
  8104 | D:6      | Found a blossoming altar of Fedhas.
  8127 | D:6      | Reached skill level 5 in Dodging
  8127 | D:6      | Reached skill level 6 in Fire Magic
  8768 | D:7      | Reached ** piety under Sif Muna
  8800 | D:7      | Found a transporter.
  8813 | D:7      | Reached XP level 9. HP: 67/75 MP: 7/12
  9104 | D:7      | Reached skill level 6 in Fighting
  9125 | D:7      | Found an iron altar of Okawaru.
  9130 | D:7      | Learned a level 1 spell: Animate Skeleton
  9143 | D:7      | Noticed Harold
  9188 | D:7      | Killed Harold
  9189 | D:7      | Reached skill level 3 in Spellcasting
  9189 | D:7      | Reached skill level 6 in Conjurations
  9490 | D:7      | Found a staircase to the Ecumenical Temple.
  9547 | D:7      | Reached skill level 7 in Fighting
  9547 | D:7      | Reached skill level 7 in Fire Magic
  9567 | D:7      | Reached skill level 6 in Dodging
  9688 | D:7      | Identified the +4 rapier "Dozilu" {flame, *Corrode rPois
                  | MP+9 SInv}
  9884 | D:7      | Found a transporter.
 10301 | D:8      | Found Yroehang's General Store.
 10305 | D:8      | Bought a potion of curing for 42 gold pieces
 10305 | D:8      | Bought a scroll of identify for 28 gold pieces
 10305 | D:8      | Bought a +2 pair of boots for 231 gold pieces
 10387 | D:8      | Found a shadowy altar of Dithmenos.
 10389 | D:8      | Found a hide-covered altar of Uskayaw.
 10392 | D:8      | Found Jairu's Magic Scroll Boutique.
 10420 | D:8      | Reached *** piety under Sif Muna
 10421 | D:8      | Reached skill level 4 in Spellcasting
 10447 | D:8      | Reached XP level 10. HP: 79/86 MP: 14/16
 10522 | D:8      | Found a snail-covered altar of Cheibriados.
 10522 | D:8      | Found a stormy altar of Qazlal.
 10744 | D:9      | Noticed a two-headed ogre
 11080 | D:9      | Reached skill level 8 in Fighting
 11140 | D:9      | Found a sparkling altar of Nemelex Xobeh.
 11263 | D:9      | Paralysed by a hornet for 2 turns
 11277 | D:9      | Reached skill level 1 in Short Blades
 11459 | D:9      | Reached skill level 7 in Dodging
 11459 | D:9      | Reached skill level 8 in Fire Magic
 11534 | D:9      | Found a roughly hewn altar of Beogh.
 11534 | D:9      | Found a staircase to the Orcish Mines.
 11545 | D:9      | Reached **** piety under Sif Muna
 12240 | D:10     | Entered Level 10 of the Dungeon
 12307 | D:11     | Noticed a green ugly thing
 12344 | D:10     | Found a staircase to the Lair.
 12562 | Orc:1    | Entered Level 1 of the Orcish Mines
 12776 | Orc:1    | Reached skill level 2 in Short Blades
 12793 | Orc:1    | Found a dark tunnel.
 12802 | Volcano  | Entered a volcano
 12900 | Volcano  | Learned a level 3 spell: Mephitic Cloud
 12903 | Volcano  | Learned a level 2 spell: Blink
 12909 | Volcano  | Learned a level 5 spell: Fireball
 13093 | Volcano  | HP: 19/90 [alligator skeleton (7)]
 13116 | Volcano  | Reached skill level 9 in Fighting
 13440 | Volcano  | Noticed a gargoyle
 13571 | Volcano  | Noticed a gargoyle
 13587 | Volcano  | Killed a gargoyle
 13642 | Volcano  | Killed a gargoyle
 13643 | Volcano  | Reached skill level 8 in Dodging
 13643 | Volcano  | Reached skill level 9 in Fire Magic
 13643 | Volcano  | Reached XP level 11. HP: 62/97 MP: 0/17
 14124 | Volcano  | Noticed a skeletal warrior
 14455 | Volcano  | Noticed a skeletal warrior
 14522 | Volcano  | HP: 24/99 [skeletal warrior/+2 dire flail of flaming (19)]
 14587 | Volcano  | Killed a skeletal warrior
 14855 | Volcano  | HP: 22/99 [skeletal warrior/+2 great sword of flaming (3)]
 15251 | Volcano  | Killed a skeletal warrior
 15252 | Volcano  | Reached skill level 10 in Fighting
 15543 | Orc:1    | Reached skill level 1 in Invocations
 15926 | Orc:1    | Noticed a stone giant
 16429 | D:10     | Killed a two-headed ogre
 16430 | D:10     | Reached skill level 2 in Invocations
 16434 | D:10     | Noticed a two-headed ogre
 16509 | D:10     | HP: 19/100 [something (12)]
 16515 | D:10     | Noticed an unseen horror
 16529 | D:10     | HP: 25/100 [two-headed ogre/+0 giant spiked club (5)]
 16926 | D:9      | Killed a two-headed ogre
 17162 | D:10     | Reached skill level 9 in Dodging
 17162 | D:10     | Reached skill level 3 in Invocations
 17201 | D:10     | Reached skill level 10 in Fire Magic
 17798 | D:10     | Killed an unseen horror
 17799 | D:10     | Reached skill level 3 in Short Blades
 17979 | D:10     | Found a stormy altar of Qazlal.
 18508 | D:10     | Killed a purple ugly thing
 19039 | D:11     | Reached skill level 4 in Short Blades
 19039 | D:11     | Reached skill level 4 in Invocations
 19039 | D:11     | Reached XP level 12. HP: 105/108 MP: 18/18
 19080 | D:11     | Noticed Psyche
 19085 | D:11     | Noticed an eight-headed hydra
 19103 | D:11     | Killed an eight-headed hydra
 19134 | D:11     | Killed Psyche
 19525 | D:11     | Reached skill level 11 in Fighting
 21281 | D:12     | Reached ***** piety under Sif Muna
 21644 | D:12     | Reached skill level 10 in Dodging
 21644 | D:12     | Reached skill level 11 in Fire Magic
 22397 | D:13     | Identified Sif Muna's Volume of Combat Magic (Sif Muna
                  | gifted it to you on level 13 of the Dungeon)
 22397 | D:13     | Received a gift from Sif Muna
 22531 | D:13     | Noticed a six-headed hydra
 22581 | D:13     | Killed a seven-headed hydra
 22900 | D:13     | Noticed Erolcha
 23034 | D:13     | Noticed a six-headed hydra
 23034 | D:13     | Noticed lis82's ghost (journeyman DgFi)
 23075 | D:13     | Noticed a minotaur
 23183 | D:13     | Found a runed translucent gate.
 23183 | D:13     | Found a runed translucent gate.
 23183 | D:13     | Found a runed translucent gate.
 23244 | D:14     | Found an opulent altar of Gozag.
 23282 | D:14     | Noticed a four-headed hydra
 23315 | D:14     | Noticed an ice dragon
 23619 | D:14     | Reached skill level 12 in Fighting
 23619 | D:14     | Reached skill level 5 in Spellcasting
 23708 | D:12     | Reached skill level 6 in Spellcasting
 23708 | D:12     | Reached skill level 8 in Conjurations
 23708 | D:12     | Reached skill level 5 in Invocations
 23708 | D:12     | Reached XP level 13. HP: 118/118 MP: 19/22
 23811 | Lair:1   | Entered Level 1 of the Lair of Beasts
 24686 | Lair:1   | Noticed Nergalle
 24714 | Lair:1   | Killed Nergalle
 25605 | Lair:1   | Learned a level 3 spell: Static Discharge
 25655 | Lair:2   | Reached skill level 1 in Air Magic
 25699 | Lair:1   | Reached skill level 2 in Air Magic
 25896 | Lair:1   | Reached skill level 13 in Fighting
 26169 | Lair:2   | Reached skill level 3 in Air Magic
 26192 | Lair:1   | Gained mutation: Your large and strong wings let you fly
                  | indefinitely. [Black Draconian growth]
 26192 | Lair:1   | Reached XP level 14. HP: 53/129 MP: 20/23
 26787 | Lair:2   | Learned a level 5 spell: Bolt of Magma
 26831 | Lair:2   | Reached skill level 4 in Air Magic
 27645 | Lair:2   | Reached skill level 5 in Air Magic
 28240 | Lair:3   | Found a hole to the Spider Nest.
 28247 | Lair:3   | Reached skill level 1 in Evocations
 29215 | Lair:3   | Reached skill level 6 in Air Magic
 29215 | Lair:3   | Reached skill level 2 in Evocations
 29726 | Lair:3   | Reached skill level 6 in Invocations
 29761 | Lair:3   | Found a staircase to the Shoals.
 30752 | Lair:4   | Identified Giuvauni's Handbook of Lightness and Companions
                  | (Sif Muna gifted it to you on level 4 of the Lair of
                  | Beasts)
 30752 | Lair:4   | Received a gift from Sif Muna
 30753 | Lair:4   | Reached skill level 14 in Fighting
 30817 | Lair:4   | Learned a level 2 spell: Swiftness
 31295 | Lair:4   | Noticed Rupert
 31418 | Lair:4   | Noticed Nessos
 31457 | Lair:4   | HP: 33/132 [cane toad (14)]
 31458 | Lair:4   | HP: 9/132 [cane toad (24)]
 31500 | Lair:4   | Noticed Josephine
 31858 | Shoals:1 | Entered Level 1 of the Shoals
 32084 | Shoals:1 | Reached skill level 7 in Invocations
 32675 | Lair:4   | Paralysed by Rupert for 4 turns
 32789 | Lair:4   | Paralysed by Rupert for 2 turns
 32800 | Lair:4   | Paralysed by Rupert for 4 turns
 33206 | Spider:1 | Entered Level 1 of the Spider Nest
 33686 | Spider:1 | Reached skill level 9 in Conjurations
 34070 | Lair:4   | Killed Nessos
 34071 | Lair:4   | Reached skill level 7 in Spellcasting
 34668 | Lair:4   | Killed Rupert
 34669 | Lair:4   | Reached skill level 8 in Invocations
 34765 | Lair:4   | Killed Josephine
 34940 | Lair:5   | HP: 32/132 [death yak (8)]
 35693 | Lair:5   | Found a staircase to the Slime Pits.
 36479 | Lair:5   | Reached skill level 8 in Spellcasting
 36479 | Lair:5   | Reached skill level 10 in Conjurations
 36860 | Lair:4   | HP: 30/132 [yak (11)]
 36871 | Lair:4   | HP: 25/132 [yak (8)]
 37220 | Lair:5   | Reached XP level 15. HP: 113/138 MP: 12/27
 37985 | Lair:6   | Entered Level 6 of the Lair of Beasts
 38455 | Lair:6   | Reached skill level 9 in Spellcasting
 40277 | Lair:6   | Identified Sif Muna's Papyrus of the Boiling Point (Sif
                  | Muna gifted it to you on level 6 of the Lair of Beasts)
 40277 | Lair:6   | Received a gift from Sif Muna
 40841 | Lair:6   | Reached skill level 11 in Dodging
 41219 | Lair:6   | Reached skill level 10 in Spellcasting
 42436 | Shoals:1 | HP: 33/138 [harpy (11)]
 43309 | Shoals:1 | Reached skill level 12 in Dodging
 45210 | Shoals:2 | Noticed Ilsuiw
 45760 | Shoals:2 | Reached skill level 13 in Dodging
 45851 | Shoals:2 | Killed Ilsuiw
 46597 | Shoals:3 | HP: 20/138 [merfolk/+0 trident (19)]
 47115 | Shoals:3 | Reached XP level 16. HP: 126/146 MP: 28/30
 47304 | Shoals:3 | HP: 35/146 [merfolk/+1 trident of protection (8)]
 47892 | Shoals:3 | Found a transporter.
 47904 | Shoals:3 | Identified the Compendium of Creative Fire
 47913 | Shoals:3 | Found a transporter.
 48677 | Shoals:4 | Entered Level 4 of the Shoals
 49041 | Shoals:4 | Noticed Donald
 49395 | Shoals:4 | Killed Donald
 49704 | Shoals:4 | Noticed Roxanne
 49863 | Shoals:4 | Reached skill level 12 in Fire Magic
 50207 | Shoals:4 | Got a jewelled short sword
 50223 | Shoals:4 | Identified the +0 short sword of Fimacigo {pain, Str+3
                  | Int+3} (You found it on level 4 of the Shoals)
 50433 | Shoals:4 | HP: 17/146 [merfolk impaler/+1 trident of freezing (22)]
 50435 | Shoals:4 | HP: 5/146 [drowned by a water nymph (12)]
 50436 | Shoals:4 | Killed from afar by a water nymph

Illustrated notes

Levels and vault maps discovered:
D:1:      shiori_arrival_maze, layout_loops_ring, serial_co_window_serial,
          co_window_paths_a, co_window_corner_a, co_window_corner_a,
          co_window_paths_a, co_window_paths_a, co_window_of_opportunity_a,
          co_window_corner_a, co_window_corner_a, co_window_paths_a,
          co_window_broadway_a, co_window_corner_ca, co_window_broadway_a,
          co_window_4corner_a, co_window_paths_e, glass_columns_a,
          glass_columns_a, glass_columns_a, glass_columns_a
D:2:      layout_basic, grunt_temple_overflow_opulence, serial_curves,
          eino_curves_03, eino_curves_03, eino_curves_03, eino_curves_03,
          uniq_crazy_yiuf_cottage, uniq_robin, uniq_terence
D:3:      layout_basic, old_standard_altar, lemuel_round_altar
D:4:      layout_loops_corners, grunt_temple_overflow_champion_of_chaos,
          overflow_temple_1_default
D:5:      kennysheep_kobold_camp, layout_basic, uniq_menkaure
D:6:      minmay_diamond_boxcup, layout_rooms, old_standard_altar,
          serial_rivers, chequers_serial_rivers_small_b,
          chequers_serial_rivers_micro_b, chequers_serial_rivers_large_a,
          chequers_serial_rivers_micro_e, chequers_serial_rivers_micro_b,
          basic_altar, ebering_dispersal_statue_hall, uniq_pikel
D:7:      gammafunk_cloud_chamber, layout_rooms, lemuel_crystal_altar,
          minmay_temple_entry_junction, uniq_harold
D:8:      layout_basic, minitemple, serial_shops, shop, nicolae_shop_crystal,
          item_on_display_a
D:9:      layout_loops_cross, david_orc_5, nemelex_lonely_heart_becter
D:10:     layout_loops_ring, minmay_lair_entry_grove, grunt_qazlal_clouds
D:11:     layout_loops_corners, kennysheep_cross_bottleneck,
          minmay_crystal_water, uniq_psyche
D:12:     layout_loops_cross
D:13:     layout_roguey, maelrawn_ghost_gauntlet_escape, uniq_erolcha
D:14:     layout_basic, david_vaults_4, basic_altar,
          minmay_large_rounded_square, drop_trap, small_statue_alley_a
Lair:1:   layout_layer_cave, lemuel_fruit_fields, uniq_nergalle
Lair:2:   layout_cave_shapes, minmay_lindwurm_lava, lemuel_fruit_fields,
          grunt_megastairs_4
Lair:3:   layout_loops_ring, elwin_shoals_entry_rooms, dummy_spider_entry
Lair:4:   layout_regular_city, st_stairs_11, grunt_megastairs_3,
          infiniplex_staircase_pool, uniq_nessos, uniq_rupert, uniq_josephine
Lair:5:   layout_regular_city, slime_dummy
Lair:6:   minmay_lair_end_frog_pond, layout_small_grid, hibernation_bobbens
Shoals:1: layout_shoals
Shoals:2: layout_shoals, uniq_ilsuiw
Shoals:3: gammafunk_sealed_arena, layout_shoals, nicolae_shoals_wave_tunnel
Shoals:4: shoals_end_grunt_ice, layout_shoals, argonaut_gorgonesque,
          uniq_roxanne, uniq_donald
Spider:1: layout_spider_delve
Orc:1:    layout_diamond_mine, nicolae_volcano_entry_two_sided, serial_shops,
          shop

Skill      XL: |  1  2  3  4  5  6  7  8  9 10 11 12 13 14 15 16 |
---------------+-------------------------------------------------+-----
Dodging        | 2 3 4 5 6 8 9 10 13 | 13.8
Fighting       | 1 2 3 4 5 7 9 10 12 13 14 | 14.0
Shields        | 1 2 3 4 |  4.0
Conjurations   | 2 3 4 5 6 8 10 | 10.5
Fire Magic     | 4 5 6 7 9 10 11 12 | 12.0
Spellcasting   | 4 6 8 10 | 10.0
Short Blades   | 2 4 |  4.0
Invocations    | 4 5 8 |  8.0
Air Magic      | 3 6 |  6.0
Evocations     | 2 |  2.0
Stealth        | |  1.7

Action                   |  1- 3 |  4- 6 |  7- 9 | 10-12 | 13-15 | 16-18 || total
-------------------------+-------+-------+-------+-------+-------+-------++-------
Melee: Short sword       |    66 |    35 |       |       |       |       ||   101
       Unarmed           |     9 |       |     5 |       |       |       ||    14
       Tailslap          |     4 |    25 |    28 |   149 |   180 |    16 ||   402
       Falchion          |       |    26 |       |   266 |       |       ||   292
       Dagger            |       |   152 |   229 |   637 |   946 |       ||  1964
       Rapier            |       |       |       |    26 |   225 |   104 ||   355
       Staff             |       |       |       |       |    26 |       ||    26
Throw: Dart              |       |       |       |       |     4 |       ||     4
 Cast: Foxfire           |    34 |    55 |   134 |   374 |   434 |    72 ||  1103
       Conjure Flame     |       |       |     6 |    14 |     1 |       ||    21
       Animate Skeleton  |       |       |       |     4 |     9 |     1 ||    14
       Blink             |       |       |       |     7 |    15 |     1 ||    23
       Fireball          |       |       |       |    22 |    58 |    20 ||   100
       Mephitic Cloud    |       |       |       |     8 |    54 |    24 ||    86
       Static Discharge  |       |       |       |       |   215 |    19 ||   234
       Bolt of Magma     |       |       |       |       |    12 |     2 ||    14
Invok: Channel Magic     |       |       |       |       |     4 |       ||     4
       Divine Exegesis   |       |       |       |       |     1 |       ||     1
 Abil: Breathe Lightning |       |       |       |     2 |     4 |       ||     6
       Fly               |       |       |       |       |     2 |       ||     2
       Stop Flying       |       |       |       |       |     1 |       ||     1
Evoke: Wand              |       |       |     8 |    26 |     7 |     1 ||    42
       Condenser vane    |       |       |       |       |     1 |       ||     1
       Box of beasts     |       |       |       |       |     1 |       ||     1
  Use: Scroll            |       |     2 |     3 |    11 |    10 |     1 ||    27
       Potion            |       |     2 |     2 |     7 |     5 |     2 ||    18
 Stab: Sleeping          |     5 |     3 |     3 |     5 |     5 |       ||    21
       Confused          |       |       |       |     3 |    19 |     2 ||    24
       Distracted        |       |       |       |     1 |       |       ||     1
Armor: Skin              |    16 |    48 |    64 |   229 |   252 |    23 ||   632
Dodge: Dodged            |    41 |   138 |   254 |  1030 |  1418 |   186 ||  3067
Block: Buckler           |     3 |    51 |    72 |   257 |   354 |    38 ||   775
       Rpst.: Falchion   |       |    10 |       |   100 |     1 |       ||   111
